 Dungeon Crawl Stone Soup version 0.21.1-1-g345015f (webtiles) character file.

200 iamserjio the Chopper (level 5, 0/37 HPs)
             Began as an Octopode Fighter on Apr 12, 2018.
             Slain by a gnoll
             ... wielding a +0 flail
              (9 damage)
             ... on level 4 of the Dungeon.
             The game lasted 00:04:17 (2092 turns).

iamserjio the Chopper (Octopode Fighter)            Turns: 2092, Time: 00:04:18

Health: 0/37       AC:  1    Str: 16    XL:     5   Next: 79%
Magic:  5/5        EV: 12    Int: 10    God:
Gold:   152        SH:  9    Dex: 12    Spells: 4/4 levels left

rFire    . . .     SeeInvis .   a - +0 war axe
rCold    . . .     Gourm    .   b - +0 shield
rNeg     . . .     Faith    .   (helmet restricted)
rPois    .         Spirit   .   (no amulet)
rElec    .         Reflect  .   (no ring)
rCorr    .         Harm     .   (no ring)
MR       .....                  (no ring)
Stlth    +++.......             (no ring)
HPRegen  0.12/turn              (no ring)
MPRegen  0.09/turn              (no ring)
                                (no ring)
                                (no ring)

@: lethally poisoned (0 -> -3)
A: almost no armour, stealthy swim, amphibious, 8 rings, constrict 8, camouflage
1, gelatinous body 1
a: no special abilities


You were on level 4 of the Dungeon.
You were not hungry.

You visited 1 branch of the dungeon, and saw 4 of its levels.

You collected 152 gold pieces.

Inventory:

Hand Weapons
 a - a +0 war axe (weapon)
 m - a +0 dagger of venom
Armour
 b - a +0 shield (worn)
Jewellery
 j - an uncursed ring of ice {unknown}
 n - a +3 ring of strength {unknown}
 p - a +4 ring of strength {unknown}
Scrolls
 e - 2 scrolls of identify {unknown}
 h - 4 scrolls of remove curse {unknown}
 i - a scroll of teleportation {unknown}
 k - a scroll of amnesia {unknown}
Potions
 c - a potion of might
 f - a potion of ambrosia {unknown}
 g - a potion of brilliance {unknown}
 l - a potion of heal wounds {unknown}
Comestibles
 d - 9 rations
 o - a chunk of flesh


   Skills:
 + Level 3.8 Fighting
 * Level 4.0 Axes
 - Level 3.0 Dodging
 + Level 3.1 Stealth
 + Level 3.8 Shields


You had 4 spell levels left.
You didn't know any spells.

Dungeon Overview and Level Annotations

Branches:
Dungeon (4/15)
 Temple: D:4-7

Altars:
Kikubaaqudgha


Innate Abilities, Weirdness & Mutations

You cannot wear most types of armour.
You are very stealthy in the water. (Stealth+)
You are amphibious.
You can wear up to eight rings at the same time.
You can use your tentacles to constrict eight enemies at once.
Your skin changes colour to match your surroundings (Stealth+).
Your rubbery body absorbs attacks. (AC +1, EV +1)


Message History

The gnoll is moderately wounded.
You block the gnoll's attack.
You hit the worker ant. You grab the worker ant. You squeeze the worker ant.
The worker ant is severely wounded.
You hit the gnoll but do no damage.
You constrict the worker ant, but do no damage.
The worker ant bites you.
You are poisoned.
The worker ant poisons you! The gnoll misses you.
The worker ant closely misses you.
You slash the worker ant!
You kill the worker ant!
Your Axes skill increases to level 4!
You closely miss the gnoll.
You feel sick. The gnoll hits you with a whip!
* * * LOW HITPOINT WARNING * * *
You barely miss the gnoll. You grab the gnoll. You squeeze the gnoll.
The gnoll is severely wounded.
You barely miss the gnoll. You constrict the gnoll.
You feel sick. The gnoll hits you with a flail!
You die...

#..####.##.#.#..#.###
#.#.##..........#.#......#
........####.#..#.#..#..##
..#.###..# #.#..#.#.#<..#
#..###.#..# #.#...#
#......#..# #.....#
##..##.#..# #######
##.##.#..# #g@#.#... ##g#
... ..... .......
........# .........#
######....#


You could see 2 gnolls.

Vanquished Creatures
  A quasit (D:2)
  A worker ant (D:4)
  2 gnolls (D:4)
  6 adders
  2 oozes (D:1)
  2 dart slugs (D:1)
  2 leopard geckos (D:3)
  An orc (D:3)
  2 giant cockroaches
  4 goblins
  11 hobgoblins
  4 jackals (D:3)
  6 bats
  3 frilled lizards
  6 kobolds
  5 rats
58 creatures vanquished.

Notes
Turn   | Place    | Note
-------+----------+-------------------------------------------
     0 | D:1      | iamserjio the Octopode Fighter began the quest for the Orb.
     0 | D:1      | Reached XP level 1. HP: 16/16 MP: 1/1
   153 | D:1      | Reached XP level 2. HP: 16/21 MP: 2/2
   181 | D:1      | Reached skill level 1 in Stealth
   325 | D:1      | Reached XP level 3. HP: 20/26 MP: 3/3
   671 | D:2      | Reached skill level 3 in Axes
   671 | D:2      | Reached XP level 4. HP: 24/31 MP: 4/4
   866 | D:2      | Found a faded altar of an unknown god.
  1002 | D:2      | Found an ancient bone altar of Kikubaaqudgha.
  1331 | D:3      | Reached XP level 5. HP: 14/36 MP: 5/5
  2069 | D:4      | Noticed an ogre
  2091 | D:4      | Reached skill level 4 in Axes
  2092 | D:4      | Slain by a gnoll

Skill      XL: |  1  2  3  4  5 |
---------------+----------------+-----
Stealth        | 1 2 3 |  3.1
Axes           | 3 4 |  4.0
Fighting       | |  3.8
Dodging        | |  3.0
Shields        | |  3.8

Action                   |  1- 3 |  4- 6 || total
-------------------------+-------+-------++-------
Melee: War axe           |    36 |    76 ||   112
       Constrict         |    12 |    19 ||    31
       Tentacles         |     8 |    10 ||    18
  Use: Potion            |       |     2 ||     2
 Stab: Sleeping          |     3 |     7 ||    10
  Eat: Chunk             |       |     4 ||     4
Armor: Skin              |     2 |    10 ||    12
Dodge: Dodged            |    13 |    48 ||    61
Block: Shield            |    16 |    39 ||    55
